 Dungeon Crawl Stone Soup version 0.30.0-15-g856e2d3f33 (webtiles) character file.

Game seed: 15063988323209126490

163025 qw the Warrior (level 17, -9/128 HPs)
             Began as a Gargoyle Fighter on May 20, 2023.
             Was a High Priest of Okawaru.
             Mangled by a naga warrior
             ... wielding a +0 war axe
              (24 damage)
             ... on level 2 of the Snake Pit.
             The game lasted 00:15:44 (24707 turns).

qw the Warrior (Gargoyle Fighter)                  Turns: 24707, Time: 00:15:45

Health: -9/128     AC: 47    Str: 27    XL:     17   Next: 82%
Magic:  22/24      EV: 12    Int:  6    God:    Okawaru [*****.]
Gold:   377        SH: 13    Dex: 13    Spells: 16/16 levels left

rFire   + . .        f - +3 war axe (vamp)
rCold   . . .        c - +0 buckler
rNeg    + . .        G - +2 plate armour {rF+}
rPois   inf          g - +2 helmet
rElec   +            (no cloak)
rCorr   .            t - +0 pair of gloves "Deng" {Int-4 Dex+4}
SInv    .            x - +0 pair of boots
Will    +....        C - amulet of reflection Stlth
                     j - +4 ring of slaying {mikee}
HPRegen 0.41/turn    B - +4 ring of protection
MPRegen 0.19/turn

%: reflection
@: about to teleport, heroic, flying
A: sickness immunity, AC +12, big wings, negative energy resistance 1,
electricity resistance, torment resistance 1, petrification resistance,
iridescent scales 1, deterioration 1, robust 1
a: Renounce Religion, Heroism, Finesse, Duel


You were on level 2 of the Snake Pit.
You worshipped Okawaru.
Okawaru was extremely pleased with you.
You visited 5 branches of the dungeon, and saw 25 of its levels.
You visited 1 bazaar.
You also visited: Sewer and Ossuary.

You collected 3567 gold pieces.
You spent 3190 gold pieces at shops.


Innate Abilities, Weirdness & Mutations

You are immune to sickness and miasma.
Your stone body is resilient. (AC +12)
You are immune to poison.
Your large and strong wings let you fly.
You resist negative energy. (rN+)
You are resistant to electric shocks. (rElec)
You are resistant to unholy torment.
You are immune to petrification.
You are partially covered in iridescent scales. (AC +2)
Your body sometimes deteriorates upon taking damage.
You are robust. (+10% HP)


   Skills:
 - Level 17.0(22.0) Fighting
 - Level 16.0(21.0) Axes
 - Level 9.0(14.0) Throwing
 + Level 15.4(20.4) Armour
 - Level 5.0(10.0) Dodging
 - Level 10.1(15.1) Shields
 - Level 10.0 Invocations


You had 16 spell levels left.
You didn't know any spells.
Your spell library was empty.

Inventory:

Hand Weapons
 f - a +3 vampiric war axe (weapon)
 v - the +2 broad axe "Fin Qaeraurr" {freeze, Contam Fly rPois}
   (You found it on level 1 of the Snake Pit)

   rPois:     It protects you from poison.
   Fly:       It grants you flight.
   Contam:    It causes magical contamination when unequipped.
 F - a +0 war axe of flaming
Missiles
 k - 2 boomerangs of dispersal
 l - 7 javelins
 n - 18 boomerangs
 y - 3 silver javelins (quivered)
Armour
 c - a +0 buckler (worn)
 g - a +2 helmet (worn)
 r - +0 acid dragon scales
 t - the +0 pair of gloves "Deng" (worn) {Int-4 Dex+4}
   (You acquired it on level 1 of the Snake Pit)

   Int:       It affects your intelligence (-4).
   Dex:       It affects your dexterity (+4).
 u - a +1 plate armour of willpower
 x - a +0 pair of boots (worn)
 A - a +1 chain mail of cold resistance
 E - the +2 pair of boots "Xucicras" {Harm Int+2 Dex+4}
   (You bought it in a shop in a bazaar)

   Int:       It affects your intelligence (+2).
   Dex:       It affects your dexterity (+4).
   Harm:      It increases damage dealt and taken.
 G - a +2 plate armour of fire resistance (worn)
Jewellery
 j - a +4 ring of slaying (left hand) {mikee}
 z - the ring of Qongoull {Ice rElec Str+6 Int-3}
   (You found it on level 15 of the Dungeon)

   [ring of ice]

   It enhances your ice magic.
   Str:       It affects your strength (+6).
   Int:       It affects your intelligence (-3).
   rF:        It makes you vulnerable to fire.
   rC:        It protects you from cold.
   rElec:     It insulates you from electricity.
 B - a +4 ring of protection (right hand)
 C - an amulet of reflection (around neck)
 D - a ring of resist corrosion
Wands
 w - a wand of digging (5)
Scrolls
 a - 8 scrolls of identify
 b - 11 scrolls of teleportation
Potions
 d - 5 potions of might
 e - 6 potions of haste
 h - 6 potions of mutation
 i - 2 potions of cancellation
 m - 7 potions of curing
 o - 4 potions of attraction
 p - 8 potions of heal wounds
 q - 4 potions of lignification
 s - 6 potions of resistance

Dungeon Overview and Level Annotations

Branches:
Dungeon (15/15)            Temple (1/1) D:5            Lair (5/5) D:8
  Swamp (0/4) Lair:2        Snake (2/4) Lair:2        Slime (0/5) Lair:5
    Orc (2/2) D:9             Elf (0/3) Orc:2        Vaults (0/5) D:13
 Depths (0/4) D:15          Sewer (visited)         Ossuary (visited)

Altars:
Ashenzari
Cheibriados
Dithmenos
Elyvilon
Fedhas
Gozag
Hepliaklqana
Kikubaaqudgha
Makhleb
Nemelex Xobeh
Okawaru
Qazlal
Ru
Sif Muna
Trog
Uskayaw
Vehumet
Wu Jian
Xom
Yredelemnul
Zin
The Shining One
Jiyva
Lugonu

Shops:
D:5 !   Orc:2 ([*=   Snake:1 =((

Portals:
Abyss: Lair:5

Annotations:
D:6 3 runed translucent doors, qw's ghost, novice GrCA
Lair:5 3 runed translucent doors, qw's ghost, journeyman GrCA


Message History

You kill the naga!
Okawaru accepts your kill.
You slash the guardian serpent!
You feel better.
You hit the naga warrior but do no damage.
The guardian serpent hits you but does no damage.
The naga spits poison at you.
The splash of poison hits you but does no damage.
You resist. The naga constricts you. The naga mage casts a spell at you.
The bolt of poison hits you but does no damage.
You resist.
You slash the naga!
You kill the naga!
Okawaru accepts your kill.
You slice the naga warrior!!
You feel better.
You slash the naga mage!
You feel better.
You kill the naga mage!
Okawaru accepts your kill. Okawaru grants you a weapon!
Something appears at your feet!
You see here a +4 heavy scimitar.
You completely miss the guardian serpent.
You hit the naga warrior.
The naga warrior hits you with a +0 war axe!
You block the naga warrior's attack.
You block the guardian serpent's attack.
The naga warrior spits poison at you. The splash of poison misses you.
You hit the guardian serpent.
You feel better.
The guardian serpent is almost dead.
The naga warrior blocks your attack.
You barely miss the naga warrior.
The guardian serpent hits you but does no damage.
The naga warrior hits you but does no damage.
You block the naga warrior's attack.
The naga warrior hits you with a +0 war axe!!
You block the naga warrior's attack.
24707 ||| READING 12 scrolls of teleportation.
As you read the scroll of teleportation, it crumbles to dust.
You feel strangely unstable. The guardian serpent hits you.
You block the naga warrior's attack. x2
The naga warrior hits you with a +0 war axe!!
You die...

########
#......#
#......#
#......# #####
#....)S# #...#
#....)@###.#.#
...!..)NN....>#
#.......###.#.#
.. #...#####
#.#.# ..... ###
####.#.# ......
#....#.##
#......
####.......#
.......
#.........##
......
#.#...#.######


You could see 2 naga warriors and a guardian serpent.

Vanquished Creatures
  Gastronok (Lair:2)
  An orc warlord (Orc:2)
  A very ugly thing (D:13)
  Nessos (D:13)
  Snorg (Orc:2)
  Josephine (D:13)
  A fire dragon (D:15)
  An ettin (D:15)
  A great orb of eyes (D:13)
  12 hydras
  5 centaur warriors
  2 boulder beetles
  4 anacondas
  3 tengu warriors (D:15)
  A death knight (D:15)
  5 two-headed ogres
  Urug (D:13)
  12 death yaks (Lair:5)
  2 naga warriors (Snake:1)
  A naga sharpshooter (Snake:1)
  5 orc high priests
  2 thrashing horrors (Lair:5)
  4 shock serpents
  6 skeletal warriors
  A deep elf knight (D:13)
  A hell knight (D:15)
  Amaemon (Lair:1)
  Nergalle (Lair:1)
  A salamander mystic (Snake:2)
  2 sea snakes (Snake:1)
  A deep troll (D:15)
  A phantasmal warrior (D:15)
  6 orc knights
  4 naga ritualists
  An orange crystal statue (D:9)
  3 deep elf pyromancers
  2 lindwurms
  A necromancer (D:15)
  4 orc sorcerers
  A wolf spider (Lair:1)
  12 mana vipers
  18 ugly things
  3 cyclopes
  A cyclops (shapeshifter) (Lair:5)
  5 manticores
  7 salamanders
  6 naga magi
  22 black mambas
  A guardian serpent (Snake:2)
  15 elephants (Lair:3)
  7 cane toads
  A gargoyle (D:9)
  An orange demon (Lair:1)
  A smoke demon (Lair:5)
  4 rime drakes
  2 unseen horrors
  Maggie (D:6)
  An efreet (D:13)
  11 komodo dragons
  2 freezing wraiths (D:15)
  5 trolls
  2 kobold demonologists
  2 tengu conjurers (D:15)
  An ancient zyme (Lair:5)
  A meliai (shapeshifter) (D:13)
  5 polar bears
  A tyrant leech (Lair:2)
  3 hornets
  A wind drake (shapeshifter) (D:13)
  36 blink frogs
  Prince Ribbit (D:7)
  A dream sheep (shapeshifter) (D:14)
  A raiju (shapeshifter) (Lair:5)
  11 slime creatures
  2 vampires
  2 spriggans (Lair:5)
  5 shadows
  2 large abominations (Lair:5)
  2 ynoxinuls (Lair:5)
  5 wraiths
  2 water elementals (D:14)
  15 humans (D:13)
  7 fire bats (Lair:5)
  6 wyverns
  5 vampire mosquitoes
  4 basilisks
  49 yaks
  A steam dragon (D:9)
  2 chaos spawn (Lair:5)
  3 wargs
  19 nagas
  4 acid dragons
  4 swamp worms (Lair:2)
  14 water moccasins
  A hornet zombie (Ossuary)
  33 orc warriors
  An ice beast (D:8)
  3 sky beasts
  3 black bears
  6 ogres
  5 boggarts (D:14)
  26 wolves
  6 centaurs
  A phantom (D:4)
  8 kobold brigands
  17 bullfrogs
  Blork the orc (D:5)
  2 gnoll sergeants (D:8)
  2 wyvern zombies (Ossuary)
  A scorpion (D:6)
  12 small abominations (Lair:5)
  4 water moccasin zombies (Ossuary)
  8 wights
  3 electric eels
  6 howler monkeys
  5 bullfrog zombies (Ossuary)
  3 centaur zombies (Ossuary)
  3 jellies
  6 hounds
  18 orc priests
  4 iguanas
  Jessica (D:3)
  A sickly merfolk siren (Sewer)
  6 hell rats (Lair:4)
  A malarious merfolk avatar (Sewer)
  23 orc wizards
  A killer bee zombie (Ossuary)
  19 mummies (Ossuary)
  A howler monkey zombie (Ossuary)
  11 gnolls
  9 adders
  3 river rats
  3 shadow imps
  2 white imps
  3 ufetubi
  3 worms
  A dart slug (D:2)
  76 orcs
  6 endoplasms
  7 giant cockroaches
  8 hobgoblins
  4 jackals (D:1)
  9 quokkas
  7 ball pythons
  8 bats
  9 frilled lizards
  14 goblins
  36 kobolds
  8 kobold skeletons (D:8)
  10 kobold zombies (D:8)
  32 rats
960 creatures vanquished.

Vanquished Creatures (others)
  A two-headed ogre (D:13)
  A wizard (D:15)
  A human (D:13)
3 creatures vanquished.

Grand Total: 963 creatures vanquished

Notes
Turn   | Place    | Note
-------+----------+-------------------------------------------
     0 | D:1      | qw the Gargoyle Fighter began the quest for the Orb.
     0 | D:1      | Reached XP level 1. HP: 14/14 MP: 1/1
     0 | D:1      | 0 ||| qw: Version: 0.2-a-97-g6b18286
     0 | D:1      | 0 ||| qw: Game counter: 13
     0 | D:1      | 0 ||| qw: Always use a shield: true
     0 | D:1      | 0 ||| qw: God list: Okawaru
     0 | D:1      | 0 ||| qw: Allow faded altars: false
     0 | D:1      | 0 ||| qw: Do Orc after D:15 true
     0 | D:1      | 0 ||| qw: Do second Lair branch before Depths: true
     0 | D:1      | 0 ||| qw: Lair rune preference: random
     0 | D:1      | 0 ||| qw: Plans: Normal, Zot:1-4, God:TSO, Crypt, Tomb,
                  | Pan, Slime:5, Hells, Abyss, Win
     0 | D:1      | 0 ||| PLANNING D:1-11
   147 | D:1      | Reached XP level 2. HP: 19/19 MP: 2/2
   151 | D:1      | 151 ||| Stepping ~*~*~tactically~*~*~ (hiding).
   172 | D:1      | 172 ||| DROPPING +0 club.
   223 | D:1      | 223 ||| Stepping ~*~*~tactically~*~*~ (stealth).
   236 | D:1      | 236 ||| Stepping ~*~*~tactically~*~*~ (stealth).
   330 | D:1      | Reached skill level 3 in Axes
   331 | D:1      | Reached XP level 3. HP: 23/23 MP: 3/3
   820 | D:1      | 820 ||| UPGRADING to +0 helmet.
   825 | D:1      | 825 ||| READING 2 scrolls labelled BEHUMI DETHRERPH.
   826 | D:1      | 826 ||| READING scroll labelled AFIAN YFAFA.
   827 | D:1      | 827 ||| DRINKING 2 metallic cyan potions.
   827 | D:1      | Gained mutation: Your body sometimes deteriorates upon
                  | taking damage. [potion of mutation]
   827 | D:1      | Gained mutation: You are robust. (+10% HP) [potion of
                  | mutation]
   827 | D:1      | Gained mutation: You are partially covered in iridescent
                  | scales. (AC +2) [potion of mutation]
   880 | D:2      | 880 ||| Stepping ~*~*~tactically~*~*~ (hiding).
  1091 | D:2      | Reached XP level 4. HP: 28/30 MP: 4/4
  1208 | D:2      | Found the +5 woodcutter's axe
  1380 | D:2      | 1380 ||| UPGRADING to +4 ring of slaying {mikee}.
  1381 | D:2      | 1381 ||| UPGRADING to +6 ring of dexterity.
  1382 | D:2      | 1382 ||| READING scroll labelled SYAXYD PYULE.
  1383 | D:2      | 1383 ||| READING scroll labelled FAASENAMNIS.
  1384 | D:2      | 1384 ||| DRINKING 2 amethyst potions.
  1385 | D:2      | 1385 ||| DRINKING 2 fuming red potions.
  1386 | D:2      | 1386 ||| READING 2 scrolls of identify.
  1386 | D:2      | 1386 ||| IDENTIFYING emerald potion
  1408 | D:3      | 1408 ||| PLANNING SEWER
  1469 | D:3      | Reached skill level 1 in Dodging
  1515 | D:3      | 1515 ||| DROPPING +0 whip.
  1696 | D:3      | 1696 ||| Stepping ~*~*~tactically~*~*~ (stealth).
  1711 | D:3      | Reached XP level 5. HP: 31/35 MP: 5/5
  1733 | D:3      | 1733 ||| Stepping ~*~*~tactically~*~*~ (hiding).
  1744 | D:3      | 1744 ||| Stepping ~*~*~tactically~*~*~ (stealth).
  1828 | D:3      | Found a glowing drain.
  1832 | D:3      | 1832 ||| READING scroll labelled JID NES FYMP.
  1832 | D:3      | Identified a scroll of acquirement
  1832 | D:3      | 1832 ||| ACQUIRING 810 gold pieces
  1832 | D:3      | Acquired 810 gold pieces
  1834 | D:3      | 1834 ||| READING 2 scrolls of identify.
  1834 | D:3      | 1834 ||| IDENTIFYING coppery potion
  1840 | Sewer    | Entered a sewer
  1844 | Sewer    | 1844 ||| Stepping ~*~*~tactically~*~*~ (water).
  1918 | Sewer    | 1918 ||| Stepping ~*~*~tactically~*~*~ (water).
  1937 | Sewer    | 1937 ||| Stepping ~*~*~tactically~*~*~ (water).
  2043 | Sewer    | 2043 ||| Stepping ~*~*~tactically~*~*~ (water).
  2047 | Sewer    | Reached XP level 6. HP: 40/41 MP: 6/6
  2056 | Sewer    | Reached skill level 4 in Fighting
  2125 | Sewer    | 2125 ||| READING 3 scrolls labelled QOTOXZ WIAHYZ.
  2126 | Sewer    | 2126 ||| READING scroll labelled AMYLOG ITESSOBE.
  2127 | Sewer    | 2127 ||| DROPPING 2 scrolls of noise.
  2141 | D:3      | 2141 ||| PLANNING D:1-11
  2233 | D:3      | Noticed Jessica
  2234 | D:3      | 2234 ||| Stepping ~*~*~tactically~*~*~ (hiding).
  2243 | D:3      | 2243 ||| Stepping ~*~*~tactically~*~*~ (hiding).
  2246 | D:3      | Killed Jessica
  2362 | D:3      | Found a shadowy altar of Dithmenos.
  2910 | D:4      | 2910 ||| PLANNING OSSUARY
  2915 | D:4      | 2915 ||| Stepping ~*~*~tactically~*~*~ (stealth).
  2929 | D:4      | 2929 ||| Stepping ~*~*~tactically~*~*~ (stealth).
  3083 | D:4      | 3083 ||| Stepping ~*~*~tactically~*~*~ (stealth).
  3085 | D:4      | 3085 ||| Stepping ~*~*~tactically~*~*~ (hiding).
  3086 | D:4      | 3086 ||| Stepping ~*~*~tactically~*~*~ (hiding).
  3087 | D:4      | 3087 ||| Stepping ~*~*~tactically~*~*~ (stealth).
  3090 | D:4      | Reached skill level 6 in Axes
  3090 | D:4      | 3090 ||| Stepping ~*~*~tactically~*~*~ (hiding).
  3198 | D:4      | 3198 ||| DROPPING +0 flail.
  3199 | D:4      | 3199 ||| READING scroll of brand weapon.
  3199 | D:4      | 3199 ||| BRANDING +0 heavy war axe.
  3217 | D:4      | Noticed a sky beast
  3225 | D:4      | Killed a sky beast
  3226 | D:4      | Reached XP level 7. HP: 47/47 MP: 7/7
  3392 | D:4      | Found a sand-covered staircase.
  3393 | D:4      | 3393 ||| READING 2 scrolls of identify.
  3393 | D:4      | 3393 ||| IDENTIFYING sedimented green potion
  3398 | Ossuary  | Entered an ossuary
  3403 | Ossuary  | 3403 ||| Stepping ~*~*~tactically~*~*~ (stealth).
  3404 | Ossuary  | 3404 ||| Stepping ~*~*~tactically~*~*~ (stealth).
  3415 | Ossuary  | 3415 ||| Stepping ~*~*~tactically~*~*~ (stealth).
  3437 | Ossuary  | HP: 7/47 [hornet zombie (7)]
  3438 | Ossuary  | 3438 ||| READING 2 scrolls of teleportation.
  3439 | Ossuary  | 3439 ||| DRINKING potion of heal wounds.
  3454 | Ossuary  | Reached skill level 5 in Fighting
  3461 | Ossuary  | Reached skill level 1 in Throwing
  3465 | Ossuary  | Reached XP level 8. HP: 28/53 MP: 8/8
  3471 | Ossuary  | HP: 9/53 [hornet zombie (10)]
  3472 | Ossuary  | 3472 ||| READING scroll of teleportation.
  3480 | Ossuary  | HP: 10/53 [howler monkey zombie (2)]
  3486 | Ossuary  | HP: 4/53 [mummy (2)]
  3755 | Ossuary  | 3755 ||| READING scroll of acquirement.
  3755 | Ossuary  | 3755 ||| ACQUIRING +0 pair of gloves of the Lich-sworn
                  | {rPois}
  3755 | Ossuary  | Acquired the +0 pair of gloves of the Lich-sworn {rPois}
  3757 | Ossuary  | 3757 ||| UPGRADING to +0 pair of gloves of the Lich-sworn
                  | {rPois}.
  3821 | Ossuary  | Reached skill level 6 in Fighting
  3936 | Ossuary  | 3936 ||| DROPPING amulet of faith.
  3937 | Ossuary  | 3937 ||| DROPPING ring of positive energy.
  3938 | Ossuary  | 3938 ||| READING 2 scrolls labelled HOTERO CAORR.
  3939 | Ossuary  | 3939 ||| READING scroll of enchant weapon.
  3939 | Ossuary  | 3939 ||| ENCHANTING +0 vampiric war axe.
  3940 | Ossuary  | 3940 ||| READING scroll labelled FUKOOXERCHU.
  3941 | Ossuary  | 3941 ||| READING 3 scrolls of identify.
  3941 | Ossuary  | 3941 ||| IDENTIFYING green potion
  3942 | Ossuary  | 3942 ||| READING 2 scrolls of identify.
  3942 | Ossuary  | 3942 ||| IDENTIFYING fizzy silvery potion
  3943 | Ossuary  | 3943 ||| DROPPING potion of berserk rage.
  3956 | D:4      | 3956 ||| PLANNING D:1-11
  4127 | D:5      | Entered Level 5 of the Dungeon
  4133 | D:5      | 4133 ||| STAIRDANCE
  4179 | D:5      | Found a staircase to the Ecumenical Temple.
  4180 | D:5      | 4180 ||| PLANNING TEMPLE
  4188 | Temple   | Entered the Ecumenical Temple
  4188 | Temple   | Found a transporter.
  4188 | Temple   | Found a transporter.
  4189 | Temple   | 4189 ||| PLANNING OKAWARU WORSHIP
  4190 | Temple   | Found a transporter.
  4190 | Temple   | Found a transporter.
  4208 | Temple   | Became a worshipper of Warmaster Okawaru
  4208 | Temple   | 4208 ||| PLANNING D:1-11
  4283 | D:5      | 4283 ||| Stepping ~*~*~tactically~*~*~ (hiding).
  4443 | D:5      | HP: 5/56 [acid dragon (11)]
  4444 | D:5      | 4444 ||| READING scroll of teleportation.
  4447 | D:5      | Reached skill level 9 in Axes
  4447 | D:5      | Reached XP level 9. HP: 6/60 MP: 9/9
  4710 | D:5      | 4710 ||| Stepping ~*~*~tactically~*~*~ (stealth).
  4844 | D:5      | 4844 ||| DROPPING +0 flail of venom.
  4848 | D:5      | Found Mualowox's Distillery.
  4855 | D:5      | 4855 ||| BUYING 2 potions of resistance (280 gold).
  4855 | D:5      | Bought 2 potions of resistance for 280 gold pieces
  4855 | D:5      | 4855 ||| BUYING potion of attraction (42 gold).
  4855 | D:5      | Bought a potion of attraction for 42 gold pieces
  4855 | D:5      | 4855 ||| BUYING potion of curing (42 gold).
  4855 | D:5      | Bought a potion of curing for 42 gold pieces
  4855 | D:5      | 4855 ||| BUYING potion of mutation (112 gold).
  4855 | D:5      | Bought a potion of mutation for 112 gold pieces
  4855 | D:5      | 4855 ||| BUYING potion of resistance (140 gold).
  4855 | D:5      | Bought a potion of resistance for 140 gold pieces
  4855 | D:5      | 4855 ||| BUYING potion of resistance (140 gold).
  4855 | D:5      | Bought a potion of resistance for 140 gold pieces
  5176 | D:5      | 5176 ||| UPGRADING to +0 acid dragon scales.
  5186 | D:5      | 5186 ||| DROPPING +0 scale mail.
  5187 | D:5      | 5187 ||| READING scroll labelled REL ZAETECH.
  5188 | D:5      | 5188 ||| DRINKING 2 dark potions.
  5189 | D:5      | 5189 ||| DROPPING potion of degeneration.
  5205 | D:6      | Noticed Blork the orc
  5216 | D:6      | 5216 ||| STAIRDANCE
  5218 | D:5      | Killed Blork the orc
  5219 | D:5      | Reached skill level 7 in Fighting
  5282 | D:6      | Reached * piety under Okawaru
  5307 | D:6      | Noticed a cyclops
  5308 | D:6      | Noticed qw's ghost (novice GrCA)
  5318 | D:6      | Found a runed translucent gate.
  5318 | D:6      | Found a runed translucent gate.
  5372 | D:6      | 5372 ||| Stepping ~*~*~tactically~*~*~ (stealth).
  5426 | D:6      | Found a runed translucent gate.
  5472 | D:6      | Noticed a hornet
  5484 | D:6      | Killed a hornet
  5513 | D:6      | 5513 ||| Stepping ~*~*~tactically~*~*~ (stealth).
  5517 | D:6      | 5517 ||| Stepping ~*~*~tactically~*~*~ (stealth).
  5518 | D:6      | 5518 ||| Stepping ~*~*~tactically~*~*~ (stealth).
  5540 | D:6      | 5540 ||| INVOKING Heroism.
  5546 | D:6      | Reached skill level 3 in Invocations
  5661 | D:6      | Noticed Maggie
  5675 | D:6      | Killed Maggie
  5675 | D:6      | Reached ** piety under Okawaru
  5838 | D:6      | 5838 ||| UPGRADING to +6 ring of strength.
  5840 | D:6      | 5840 ||| DROPPING +6 ring of dexterity.
  5841 | D:6      | 5841 ||| READING scroll labelled DAIMIO PINUBRI.
  5842 | D:6      | 5842 ||| READING scroll labelled CYEKOI QERASUT.
  5916 | D:7      | 5916 ||| INVOKING Heroism.
  5966 | D:7      | Noticed Prince Ribbit
  5967 | D:7      | 5967 ||| INVOKING Heroism.
  5973 | D:7      | Killed Prince Ribbit
  5974 | D:7      | Reached skill level 8 in Fighting
  5974 | D:7      | Reached XP level 10. HP: 70/70 MP: 11/13
  6029 | D:7      | 6029 ||| Stepping ~*~*~tactically~*~*~ (stealth).
  6048 | D:7      | 6048 ||| Stepping ~*~*~tactically~*~*~ (stealth).
  6167 | D:7      | 6167 ||| INVOKING Heroism.
  6448 | D:7      | 6448 ||| Stepping ~*~*~tactically~*~*~ (stealth).
  6449 | D:7      | 6449 ||| Stepping ~*~*~tactically~*~*~ (stealth).
  6670 | D:7      | 6670 ||| READING scroll labelled GAOFAAF YCAID.
  6729 | D:8      | 6729 ||| INVOKING Heroism.
  6738 | D:8      | 6738 ||| DRINKING 5 potions of curing.
  6738 | D:8      | 6738 ||| (to cure confusion)
  6839 | D:8      | 6839 ||| Stepping ~*~*~tactically~*~*~ (stealth).
  6846 | D:8      | 6846 ||| Stepping ~*~*~tactically~*~*~ (stealth).
  6852 | D:8      | Reached *** piety under Okawaru
  6865 | D:8      | 6865 ||| INVOKING Heroism.
  6872 | D:8      | Reached skill level 9 in Fighting
  6901 | D:8      | 6901 ||| Stepping ~*~*~tactically~*~*~ (stealth).
  6919 | D:8      | 6919 ||| Stepping ~*~*~tactically~*~*~ (hiding).
  6921 | D:8      | 6921 ||| INVOKING Heroism.
  6929 | D:8      | 6929 ||| Stepping ~*~*~tactically~*~*~ (hiding).
  6932 | D:8      | 6932 ||| Stepping ~*~*~tactically~*~*~ (hiding).
  6943 | D:8      | 6943 ||| Stepping ~*~*~tactically~*~*~ (hiding).
  6946 | D:8      | 6946 ||| INVOKING Heroism.
  6957 | D:8      | Reached XP level 11. HP: 74/78 MP: 12/14
  6957 | D:8      | 6957 ||| Stepping ~*~*~tactically~*~*~ (hiding).
  6966 | D:8      | Reached skill level 12 in Axes
  6969 | D:8      | 6969 ||| Stepping ~*~*~tactically~*~*~ (hiding).
  7096 | D:8      | 7096 ||| INVOKING Heroism.
  7111 | D:8      | Found a staircase to the Lair.
  7123 | D:8      | 7123 ||| INVOKING Heroism.
  7185 | D:8      | 7185 ||| Stepping ~*~*~tactically~*~*~ (stealth).
  7191 | D:8      | 7191 ||| INVOKING Heroism.
  7270 | D:8      | Noticed a two-headed ogre
  7271 | D:8      | 7271 ||| Stepping ~*~*~tactically~*~*~ (stealth).
  7272 | D:8      | 7272 ||| Stepping ~*~*~tactically~*~*~ (stealth).
  7273 | D:8      | 7273 ||| Stepping ~*~*~tactically~*~*~ (stealth).
  7274 | D:8      | 7274 ||| INVOKING Heroism.
  7283 | D:8      | Killed a two-headed ogre
  7284 | D:8      | Reached skill level 6 in Shields
  7472 | D:8      | Found an ancient bone altar of Kikubaaqudgha.
  7524 | D:8      | Reached skill level 3 in Throwing
  7613 | D:8      | 7613 ||| PLANNING LAIR
  7613 | D:8      | 7613 ||| UPGRADING to +0 chain mail.
  7623 | D:8      | 7623 ||| UPGRADING to +0 plate armour.
  7633 | D:8      | 7633 ||| DROPPING +0 chain mail.
  7634 | D:8      | 7634 ||| READING scroll labelled ECSUOB CUHE.
  7635 | D:8      | 7635 ||| READING 5 scrolls of identify.
  7635 | D:8      | 7635 ||| IDENTIFYING fizzy pink potion
  7636 | D:8      | 7636 ||| DROPPING potion of invisibility.
  7690 | Lair:1   | Entered Level 1 of the Lair of Beasts
  7697 | Lair:1   | 7697 ||| Stepping ~*~*~tactically~*~*~ (stealth).
  7698 | Lair:1   | 7698 ||| Stepping ~*~*~tactically~*~*~ (stealth).
  7707 | Lair:1   | Reached **** piety under Okawaru
  7797 | Lair:1   | 7797 ||| INVOKING Heroism.
  7807 | Lair:1   | Reached skill level 6 in Armour
  7845 | Lair:1   | Noticed a wolf spider
  7846 | Lair:1   | 7846 ||| INVOKING Heroism.
  7861 | Lair:1   | Killed a wolf spider
  7869 | Lair:1   | Reached skill level 6 in Invocations
  7888 | Lair:1   | 7888 ||| Stepping ~*~*~tactically~*~*~ (stealth).
  7899 | Lair:1   | 7899 ||| INVOKING Heroism.
  7912 | Lair:1   | 7912 ||| Stepping ~*~*~tactically~*~*~ (stealth).
  7956 | Lair:1   | 7956 ||| INVOKING Heroism.
  7958 | Lair:1   | Reached XP level 12. HP: 41/83 MP: 14/17
  8059 | Lair:1   | Reached ***** piety under Okawaru
  8074 | Lair:1   | 8074 ||| INVOKING Heroism.
  8240 | Lair:1   | Noticed Amaemon
  8241 | Lair:1   | 8241 ||| INVOKING Heroism.
  8242 | Lair:1   | 8242 ||| Stepping ~*~*~tactically~*~*~ (hiding).
  8243 | Lair:1   | 8243 ||| Stepping ~*~*~tactically~*~*~ (hiding).
  8244 | Lair:1   | 8244 ||| Stepping ~*~*~tactically~*~*~ (hiding).
  8261 | Lair:1   | Killed Amaemon
  8270 | Lair:1   | 8270 ||| DROPPING +3 flail.
  8341 | Lair:1   | Noticed Nergalle
  8342 | Lair:1   | 8342 ||| INVOKING Heroism.
  8352 | Lair:1   | Reached skill level 10 in Fighting
  8356 | Lair:1   | Killed Nergalle
  8547 | Lair:1   | 8547 ||| INVOKING Heroism.
  8669 | Lair:1   | 8669 ||| READING scroll labelled RUUDIAL AJAI.
  8815 | Lair:2   | Found a staircase to the Snake Pit.
  8820 | Lair:2   | 8820 ||| INVOKING Heroism.
  8822 | Lair:2   | 8822 ||| Stepping ~*~*~tactically~*~*~ (stealth).
  8856 | Lair:2   | Found a dark tunnel.
  8906 | Lair:2   | Noticed Gastronok
  8907 | Lair:2   | 8907 ||| INVOKING Heroism.
  8930 | Lair:2   | Killed Gastronok
  8930 | Lair:2   | Received a gift from Okawaru
  8931 | Lair:2   | Reached skill level 9 in Invocations
  9079 | Lair:2   | 9079 ||| INVOKING Heroism.
  9088 | Lair:2   | Noticed a seven-headed hydra
  9093 | Lair:2   | 9093 ||| SWAPPING to +1 demon whip of venom.
  9096 | Lair:2   | 9096 ||| INVOKING Heroism.
  9103 | Lair:2   | Killed a seven-headed hydra
  9104 | Lair:2   | 9104 ||| SWAPPING to +1 vampiric war axe.
  9122 | Lair:2   | 9122 ||| Stepping ~*~*~tactically~*~*~ (stealth).
  9131 | Lair:2   | 9131 ||| Stepping ~*~*~tactically~*~*~ (stealth).
  9165 | Lair:2   | 9165 ||| Stepping ~*~*~tactically~*~*~ (stealth).
  9251 | Lair:2   | Noticed a seven-headed hydra
  9252 | Lair:2   | 9252 ||| Stepping ~*~*~tactically~*~*~ (stealth).
  9254 | Lair:2   | 9254 ||| INVOKING Heroism.
  9257 | Lair:2   | 9257 ||| SWAPPING to +1 demon whip of venom.
  9262 | Lair:2   | Killed a seven-headed hydra
  9263 | Lair:2   | 9263 ||| SWAPPING to +1 vampiric war axe.
  9368 | Lair:2   | Found a staircase to the Swamp.
  9475 | Lair:2   | 9475 ||| Stepping ~*~*~tactically~*~*~ (stealth).
  9600 | Lair:2   | 9600 ||| INVOKING Heroism.
  9656 | Lair:2   | 9656 ||| INVOKING Heroism.
  9796 | Lair:2   | 9796 ||| Stepping ~*~*~tactically~*~*~ (hiding).
  9809 | Lair:2   | Reached XP level 13. HP: 84/90 MP: 20/20
 10002 | Lair:2   | 10002 ||| INVOKING Heroism.
 10013 | Lair:2   | Reached skill level 9 in Armour
 10106 | Lair:2   | 10106 ||| READING 5 scrolls of identify.
 10106 | Lair:2   | 10106 ||| IDENTIFYING metallic pink potion
 10107 | Lair:2   | 10107 ||| DRINKING potion of experience.
 10107 | Lair:2   | Gained mutation: Your large and strong wings let you fly.
                  | [Gargoyle growth]
 10107 | Lair:2   | Reached XP level 14. HP: 96/96 MP: 21/21
 10151 | Lair:3   | 10151 ||| INVOKING Heroism.
 10156 | Lair:3   | 10156 ||| SWAPPING to +1 demon whip of venom.
 10166 | Lair:3   | 10166 ||| SWAPPING to +1 vampiric war axe.
 10493 | Lair:3   | Reached skill level 11 in Fighting
 10642 | Lair:3   | 10642 ||| Stepping ~*~*~tactically~*~*~ (stealth).
 10644 | Lair:3   | 10644 ||| Stepping ~*~*~tactically~*~*~ (stealth).
 10646 | Lair:3   | 10646 ||| Stepping ~*~*~tactically~*~*~ (stealth).
 10699 | Lair:3   | Received a gift from Okawaru
 10737 | Lair:3   | 10737 ||| INVOKING Heroism.
 10738 | Lair:3   | 10738 ||| INVOKING Finesse.
 10740 | Lair:3   | 10740 ||| SWAPPING to +1 demon whip of venom.
 10749 | Lair:3   | 10749 ||| SWAPPING to +1 vampiric war axe.
 10903 | Lair:3   | Reached skill level 15 in Axes
 10909 | Lair:3   | 10909 ||| Stepping ~*~*~tactically~*~*~ (stealth).
 10911 | Lair:3   | 10911 ||| Stepping ~*~*~tactically~*~*~ (stealth).
 10921 | Lair:3   | Identified the +1 robe of the End {*Corrode rElec Regen+
                  | SInv} (Okawaru gifted it to you on level 3 of the Lair of
                  | Beasts)
 10921 | Lair:3   | Received a gift from Okawaru
 10931 | Lair:3   | 10931 ||| INVOKING Heroism.
 11207 | Lair:3   | Reached skill level 12 in Fighting
 11380 | Lair:3   | 11380 ||| READING 4 scrolls of identify.
 11380 | Lair:3   | 11380 ||| IDENTIFYING puce potion
 11381 | Lair:3   | 11381 ||| DROPPING potion of brilliance.
 11422 | Lair:4   | 11422 ||| Stepping ~*~*~tactically~*~*~ (hiding).
 11453 | Lair:4   | 11453 ||| INVOKING Heroism.
 11454 | Lair:4   | 11454 ||| INVOKING Finesse.
 11459 | Lair:4   | 11459 ||| SWAPPING to +1 demon whip of venom.
 11465 | Lair:4   | 11465 ||| SWAPPING to +1 vampiric war axe.
 11510 | Lair:4   | Reached skill level 3 in Dodging
 11693 | Lair:4   | 11693 ||| READING scroll of enchant weapon.
 11693 | Lair:4   | 11693 ||| ENCHANTING +1 vampiric war axe.
 11845 | Lair:4   | Identified the +1 war axe of Disaster {heavy, Dex+5}
 11847 | Lair:4   | 11847 ||| DROPPING +1 war axe of Disaster {heavy, Dex+5}.
 11939 | Lair:4   | 11939 ||| INVOKING Heroism.
 11944 | Lair:4   | 11944 ||| SWAPPING to +1 demon whip of venom.
 11948 | Lair:4   | 11948 ||| SWAPPING to +2 vampiric war axe.
 11965 | Lair:4   | 11965 ||| Stepping ~*~*~tactically~*~*~ (stealth).
 11966 | Lair:4   | 11966 ||| Stepping ~*~*~tactically~*~*~ (stealth).
 12064 | Lair:4   | 12064 ||| Stepping ~*~*~tactically~*~*~ (hiding).
 12255 | Lair:4   | 12255 ||| INVOKING Heroism.
 12261 | Lair:4   | 12261 ||| SWAPPING to +1 demon whip of venom.
 12265 | Lair:4   | 12265 ||| SWAPPING to +2 vampiric war axe.
 12484 | Lair:4   | 12484 ||| DROPPING amulet of guardian spirit.
 12485 | Lair:4   | 12485 ||| READING scroll labelled BUCUCO SOWK.
 12498 | Lair:5   | Entered Level 5 of the Lair of Beasts
 12570 | Lair:5   | 12570 ||| INVOKING Heroism.
 12684 | Lair:5   | 12684 ||| Stepping ~*~*~tactically~*~*~ (stealth).
 12743 | Lair:5   | Reached XP level 15. HP: 105/105 MP: 22/22
 12802 | Lair:5   | 12802 ||| Stepping ~*~*~tactically~*~*~ (stealth).
 12808 | Lair:5   | 12808 ||| Stepping ~*~*~tactically~*~*~ (hiding).
 12810 | Lair:5   | 12810 ||| Stepping ~*~*~tactically~*~*~ (hiding).
 12812 | Lair:5   | 12812 ||| Stepping ~*~*~tactically~*~*~ (hiding).
 12824 | Lair:5   | 12824 ||| Stepping ~*~*~tactically~*~*~ (stealth).
 12825 | Lair:5   | 12825 ||| Stepping ~*~*~tactically~*~*~ (stealth).
 12894 | Lair:5   | 12894 ||| Stepping ~*~*~tactically~*~*~ (hiding).
 12972 | Lair:5   | 12972 ||| Stepping ~*~*~tactically~*~*~ (stealth).
 12988 | Lair:5   | 12988 ||| Stepping ~*~*~tactically~*~*~ (stealth).
 13054 | Lair:5   | 13054 ||| Stepping ~*~*~tactically~*~*~ (hiding).
 13106 | Lair:5   | 13106 ||| INVOKING Heroism.
 13123 | Lair:5   | 13123 ||| Stepping ~*~*~tactically~*~*~ (hiding).
 13128 | Lair:5   | Reached skill level 6 in Throwing
 13173 | Lair:5   | Found a corrupted altar of Lugonu.
 13173 | Lair:5   | Found a one-way gate to the infinite horrors of the Abyss.
 13180 | Lair:5   | Identified the +7 battleaxe of Satyriasis {freeze, *Rage
                  | rF+++ MP+9 Int+3}
 13293 | Lair:5   | 13293 ||| INVOKING Heroism.
 13294 | Lair:5   | 13294 ||| INVOKING Finesse.
 13307 | Lair:5   | 13307 ||| SWAPPING to +1 demon whip of venom.
 13320 | Lair:5   | 13320 ||| SWAPPING to +2 vampiric war axe.
 13456 | Lair:5   | 13456 ||| INVOKING Heroism.
 13473 | Lair:5   | 13473 ||| Stepping ~*~*~tactically~*~*~ (stealth).
 13477 | Lair:5   | 13477 ||| Stepping ~*~*~tactically~*~*~ (stealth).
 13605 | Lair:5   | 13605 ||| INVOKING Heroism.
 13699 | Lair:5   | 13699 ||| INVOKING Heroism.
 13702 | Lair:5   | Reached skill level 13 in Fighting
 13777 | Lair:5   | 13777 ||| DROPPING +2 war axe of electrocution.
 13814 | Lair:5   | Found a staircase to the Slime Pits.
 13814 | Lair:5   | Found a viscous altar of Jiyva.
 13893 | Lair:5   | Found a runed translucent gate.
 13893 | Lair:5   | Found a runed translucent gate.
 13894 | Lair:5   | Found a runed translucent gate.
 13896 | Lair:5   | Noticed qw's ghost (journeyman GrCA)
 13990 | Lair:5   | 13990 ||| PLANNING D:1-11
 14150 | D:9      | 14150 ||| Stepping ~*~*~tactically~*~*~ (hiding).
 14161 | D:9      | 14161 ||| Stepping ~*~*~tactically~*~*~ (hiding).
 14198 | D:9      | Found a staircase to the Orcish Mines.
 14202 | D:9      | 14202 ||| Stepping ~*~*~tactically~*~*~ (cloud).
 14254 | D:9      | 14254 ||| Stepping ~*~*~tactically~*~*~ (hiding).
 14255 | D:9      | 14255 ||| Stepping ~*~*~tactically~*~*~ (hiding).
 14288 | D:9      | 14288 ||| INVOKING Heroism.
 14295 | D:9      | 14295 ||| DRINKING 7 potions of curing.
 14295 | D:9      | 14295 ||| (to cure confusion)
 14477 | D:9      | 14477 ||| Stepping ~*~*~tactically~*~*~ (stealth).
 14632 | D:9      | Found a flagged portal.
 14678 | D:9      | 14678 ||| Stepping ~*~*~tactically~*~*~ (hiding).
 14683 | D:9      | 14683 ||| INVOKING Heroism.
 14685 | D:9      | 14685 ||| Stepping ~*~*~tactically~*~*~ (hiding).
 14900 | D:9      | 14900 ||| READING scroll labelled XARPHU BISMAYBA.
 14926 | D:10     | Entered Level 10 of the Dungeon
 14987 | D:10     | 14987 ||| Stepping ~*~*~tactically~*~*~ (hiding).
 14988 | D:10     | 14988 ||| Stepping ~*~*~tactically~*~*~ (hiding).
 14989 | D:10     | 14989 ||| Stepping ~*~*~tactically~*~*~ (hiding).
 15228 | D:10     | 15228 ||| Stepping ~*~*~tactically~*~*~ (stealth).
 15302 | D:10     | Found a stormy altar of Qazlal.
 15304 | D:10     | Found an ancient bone altar of Kikubaaqudgha.
 15855 | D:11     | 15855 ||| Stepping ~*~*~tactically~*~*~ (hiding).
 16080 | D:11     | Found a frozen archway.
 16081 | D:11     | 16081 ||| Stepping ~*~*~tactically~*~*~ (hiding).
 16127 | D:11     | Found a bloodstained altar of Trog.
 16305 | D:11     | 16305 ||| READING scroll of enchant armour.
 16305 | D:11     | 16305 ||| ENCHANTING +0 helmet.
 16511 | D:11     | 16511 ||| PLANNING D
 16524 | D:12     | You are sucked into a shaft and drop 2 floors!
 16530 | D:14     | 16530 ||| INVOKING Heroism.
 16538 | D:14     | 16538 ||| INVOKING Finesse.
 16541 | D:14     | Reached skill level 12 in Armour
 16550 | D:14     | 16550 ||| SWAPPING to +1 demon whip of venom.
 16555 | D:14     | Reached skill level 9 in Shields
 16555 | D:14     | 16555 ||| SWAPPING to +2 vampiric war axe.
 16561 | D:14     | 16561 ||| INVOKING Heroism.
 16670 | D:13     | 16670 ||| INVOKING Heroism.
 16850 | D:13     | 16850 ||| Stepping ~*~*~tactically~*~*~ (stealth).
 16851 | D:13     | 16851 ||| Stepping ~*~*~tactically~*~*~ (stealth).
 16852 | D:13     | 16852 ||| Stepping ~*~*~tactically~*~*~ (stealth).
 16942 | D:13     | 16942 ||| READING scroll of enchant armour.
 16942 | D:13     | 16942 ||| ENCHANTING +1 helmet.
 16989 | D:13     | 16989 ||| Stepping ~*~*~tactically~*~*~ (hiding).
 16993 | D:13     | 16993 ||| INVOKING Heroism.
 16994 | D:13     | 16994 ||| SWAPPING to +1 demon whip of venom.
 16999 | D:13     | 16999 ||| SWAPPING to +2 vampiric war axe.
 17012 | D:13     | 17012 ||| Stepping ~*~*~tactically~*~*~ (stealth).
 17018 | D:13     | 17018 ||| Stepping ~*~*~tactically~*~*~ (hiding).
 17019 | D:13     | 17019 ||| Stepping ~*~*~tactically~*~*~ (hiding).
 17037 | D:13     | 17037 ||| INVOKING Heroism.
 17045 | D:13     | Reached XP level 16. HP: 99/115 MP: 21/23
 17046 | D:13     | 17046 ||| Stepping ~*~*~tactically~*~*~ (stealth).
 17056 | D:13     | Received a gift from Okawaru
 17063 | D:13     | Reached skill level 14 in Fighting
 17080 | D:13     | 17080 ||| Stepping ~*~*~tactically~*~*~ (stealth).
 17087 | D:13     | Received a gift from Okawaru
 17099 | D:13     | Identified the +1 chain mail of Pathos {Rampage *Slow rPois
                  | Int+3}
 17342 | D:13     | 17342 ||| DROPPING +1 chain mail of Pathos {Rampage *Slow
                  | rPois Int+3}.
 17343 | D:13     | 17343 ||| UPGRADING to +0 pair of boots.
 17387 | D:12     | 17387 ||| INVOKING Heroism.
 17716 | D:12     | 17716 ||| Stepping randomly (disturbance).
 18127 | D:12     | 18127 ||| Stepping ~*~*~tactically~*~*~ (stealth).
 18128 | D:12     | 18128 ||| Stepping ~*~*~tactically~*~*~ (stealth).
 18218 | D:13     | Noticed Urug
 18218 | D:13     | Noticed Nessos
 18218 | D:13     | Found a gate to the Vaults.
 18219 | D:13     | 18219 ||| STAIRDANCE
 18221 | D:12     | 18221 ||| INVOKING Heroism.
 18320 | D:13     | 18320 ||| INVOKING Heroism.
 18339 | D:13     | Received a gift from Okawaru
 18340 | D:13     | 18340 ||| INVOKING Finesse.
 18351 | D:13     | Killed Urug
 18357 | D:13     | Killed Nessos
 18394 | D:13     | Noticed Josephine
 18395 | D:13     | 18395 ||| Stepping ~*~*~tactically~*~*~ (stealth).
 18409 | D:13     | 18409 ||| Stepping ~*~*~tactically~*~*~ (hiding).
 18421 | D:13     | Killed Josephine
 18422 | D:13     | Reached skill level 15 in Fighting
 18575 | D:13     | 18575 ||| INVOKING Heroism.
 18580 | D:13     | 18580 ||| SWAPPING to +1 demon whip of venom.
 18589 | D:13     | 18589 ||| SWAPPING to +2 vampiric war axe.
 18943 | D:13     | 18943 ||| UPGRADING to +4 chain mail of fire resistance.
 18953 | D:13     | 18953 ||| DROPPING +0 plate armour.
 18954 | D:13     | 18954 ||| READING 9 scrolls of identify.
 18954 | D:13     | 18954 ||| IDENTIFYING bubbling orange potion
 18955 | D:13     | 18955 ||| DROPPING potion of ambrosia.
 19088 | D:14     | 19088 ||| READING scroll of enchant weapon.
 19088 | D:14     | 19088 ||| ENCHANTING +2 vampiric war axe.
 19151 | D:14     | 19151 ||| INVOKING Heroism.
 19161 | D:14     | 19161 ||| Stepping randomly (disturbance).
 19162 | D:14     | 19162 ||| Stepping randomly (disturbance).
 19163 | D:14     | 19163 ||| Stepping randomly (disturbance).
 19164 | D:14     | 19164 ||| Stepping randomly (disturbance).
 19165 | D:14     | 19165 ||| Stepping randomly (disturbance).
 19301 | D:14     | 19301 ||| Stepping ~*~*~tactically~*~*~ (stealth).
 19305 | D:14     | 19305 ||| INVOKING Heroism.
 19549 | D:14     | 19549 ||| INVOKING Heroism.
 19850 | D:15     | Entered Level 15 of the Dungeon
 19851 | D:15     | 19851 ||| PLANNING BAZAAR
 19871 | D:15     | Identified the ring of Qongoull {Ice rElec Str+6 Int-3}
 19874 | D:15     | 19874 ||| Stepping ~*~*~tactically~*~*~ (hiding).
 19875 | D:15     | 19875 ||| Stepping ~*~*~tactically~*~*~ (hiding).
 19876 | D:15     | 19876 ||| Stepping ~*~*~tactically~*~*~ (hiding).
 19882 | D:15     | 19882 ||| INVOKING Heroism.
 19895 | D:15     | Received a gift from Okawaru
 19921 | D:15     | Found a flickering gateway to a bazaar.
 19930 | Bazaar   | Entered a bazaar
 19963 | Bazaar   | Found Fean Moace's Assorted Antiques.
 19971 | Bazaar   | 19971 ||| BUYING glass wand (108 gold).
 19971 | Bazaar   | Bought a glass wand for 108 gold pieces
 19971 | Bazaar   | 19971 ||| BUYING potion of heal wounds (135 gold).
 19971 | Bazaar   | Bought a potion of heal wounds for 135 gold pieces
 19971 | Bazaar   | 19971 ||| BUYING scroll of teleportation (81 gold).
 19971 | Bazaar   | Bought a scroll of teleportation for 81 gold pieces
 20023 | Bazaar   | Found Egustrim's Jewellery Shoppe.
 20032 | Bazaar   | 20032 ||| BUYING +4 ring of protection (360 gold).
 20032 | Bazaar   | Bought a +4 ring of protection for 360 gold pieces
 20032 | Bazaar   | 20032 ||| BUYING amulet of reflection (300 gold).
 20032 | Bazaar   | Bought an amulet of reflection for 300 gold pieces
 20032 | Bazaar   | 20032 ||| BUYING ring of resist corrosion (200 gold).
 20032 | Bazaar   | Bought a ring of resist corrosion for 200 gold pieces
 20066 | Bazaar   | Found Mypue's Assorted Antiques.
 20079 | Bazaar   | 20079 ||| BUYING pair of heavily runed boots (275 gold).
 20079 | Bazaar   | Bought a pair of heavily runed boots for 275 gold pieces
 20079 | Bazaar   | Identified the +2 pair of boots "Xucicras" {Harm Int+2
                  | Dex+4} (You bought it in a shop in a bazaar)
 20101 | Bazaar   | Found Luwess's Book Shoppe.
 20189 | Bazaar   | 20189 ||| UPGRADING to amulet of reflection.
 20194 | Bazaar   | 20194 ||| UPGRADING to +4 ring of protection.
 20196 | Bazaar   | 20196 ||| DROPPING +6 ring of strength.
 20197 | Bazaar   | 20197 ||| DROPPING wand of mindburst (8).
 20257 | D:15     | 20257 ||| PLANNING D
 20392 | D:15     | Found a staircase to the Depths.
 20412 | D:15     | 20412 ||| INVOKING Heroism.
 20509 | D:15     | 20509 ||| Stepping ~*~*~tactically~*~*~ (stealth).
 20519 | D:15     | 20519 ||| Stepping ~*~*~tactically~*~*~ (hiding).
 20520 | D:15     | 20520 ||| Stepping ~*~*~tactically~*~*~ (hiding).
 20583 | D:15     | 20583 ||| Stepping ~*~*~tactically~*~*~ (stealth).
 20586 | D:15     | 20586 ||| Stepping ~*~*~tactically~*~*~ (stealth).
 20597 | D:15     | 20597 ||| INVOKING Heroism.
 20760 | D:15     | 20760 ||| Stepping ~*~*~tactically~*~*~ (hiding).
 20764 | D:15     | 20764 ||| Stepping ~*~*~tactically~*~*~ (hiding).
 20864 | D:15     | 20864 ||| Stepping ~*~*~tactically~*~*~ (stealth).
 20865 | D:15     | 20865 ||| Stepping ~*~*~tactically~*~*~ (stealth).
 20936 | D:15     | 20936 ||| INVOKING Heroism.
 21142 | D:15     | 21142 ||| PLANNING ORC
 21324 | Orc:1    | Entered Level 1 of the Orcish Mines
 21335 | Orc:1    | 21335 ||| Stepping ~*~*~tactically~*~*~ (stealth).
 21337 | Orc:1    | 21337 ||| Stepping ~*~*~tactically~*~*~ (stealth).
 21339 | Orc:1    | 21339 ||| Stepping ~*~*~tactically~*~*~ (stealth).
 21340 | Orc:1    | 21340 ||| Stepping ~*~*~tactically~*~*~ (hiding).
 21341 | Orc:1    | 21341 ||| Stepping ~*~*~tactically~*~*~ (hiding).
 21342 | Orc:1    | 21342 ||| Stepping ~*~*~tactically~*~*~ (hiding).
 21343 | Orc:1    | 21343 ||| Stepping ~*~*~tactically~*~*~ (hiding).
 21345 | Orc:1    | 21345 ||| INVOKING Heroism.
 21376 | Orc:1    | 21376 ||| Stepping ~*~*~tactically~*~*~ (stealth).
 21480 | Orc:1    | 21480 ||| Stepping ~*~*~tactically~*~*~ (stealth).
 21481 | Orc:1    | 21481 ||| Stepping ~*~*~tactically~*~*~ (stealth).
 21484 | Orc:1    | 21484 ||| Stepping ~*~*~tactically~*~*~ (hiding).
 21485 | Orc:1    | 21485 ||| Stepping ~*~*~tactically~*~*~ (hiding).
 21495 | Orc:1    | 21495 ||| Stepping ~*~*~tactically~*~*~ (stealth).
 21497 | Orc:1    | 21497 ||| INVOKING Heroism.
 21502 | Orc:1    | Reached skill level 16 in Fighting
 21509 | Orc:1    | Reached XP level 17. HP: 126/126 MP: 22/24
 21776 | Orc:2    | Entered Level 2 of the Orcish Mines
 21810 | Orc:2    | Found a staircase to the Elven Halls.
 21961 | Orc:2    | 21961 ||| Stepping ~*~*~tactically~*~*~ (stealth).
 22067 | Orc:2    | 22067 ||| INVOKING Heroism.
 22068 | Orc:2    | 22068 ||| INVOKING Finesse.
 22107 | Orc:2    | Received a gift from Okawaru
 22126 | Orc:2    | Paralysed by an orc sorcerer for 3 turns
 22219 | Orc:2    | 22219 ||| DROPPING +1 demon whip of venom.
 22394 | Orc:2    | Found a shimmering blue altar of Sif Muna.
 22525 | Orc:2    | 22525 ||| Stepping ~*~*~tactically~*~*~ (stealth).
 22526 | Orc:2    | 22526 ||| Stepping ~*~*~tactically~*~*~ (stealth).
 22565 | Orc:2    | Noticed Snorg
 22571 | Orc:2    | 22571 ||| INVOKING Heroism.
 22581 | Orc:2    | Killed Snorg
 22707 | Orc:2    | 22707 ||| Stepping ~*~*~tactically~*~*~ (stealth).
 22711 | Orc:2    | 22711 ||| Stepping ~*~*~tactically~*~*~ (hiding).
 22712 | Orc:2    | 22712 ||| Stepping ~*~*~tactically~*~*~ (hiding).
 22713 | Orc:2    | 22713 ||| Stepping ~*~*~tactically~*~*~ (hiding).
 22815 | Orc:2    | Found Yzes's Antique Armour Shop.
 22816 | Orc:2    | Found Wagg's Antique Weapon Shop.
 22818 | Orc:2    | Found Qasaoff's General Store.
 22818 | Orc:2    | Found Lodyaf's Jewellery Boutique.
 22822 | Orc:2    | 22822 ||| BUYING +2 plate armour of fire resistance (600
                  | gold).
 22822 | Orc:2    | Bought a +2 plate armour of fire resistance for 600 gold
                  | pieces
 22822 | Orc:2    | 22822 ||| BUYING 2 potions of haste (300 gold).
 22822 | Orc:2    | Bought 2 potions of haste for 300 gold pieces
 22822 | Orc:2    | 22822 ||| BUYING potion of heal wounds (75 gold).
 22822 | Orc:2    | Bought a potion of heal wounds for 75 gold pieces
 22823 | Orc:2    | 22823 ||| SHOPLISTING ring of protection from fire (400
                  | gold, have 4).
 22823 | Orc:2    | 22823 ||| SHOPLISTING ring of resist corrosion (320 gold,
                  | have 4).
 22823 | Orc:2    | 22823 ||| SHOPLISTING ring of the Trilobite {rElec rF- rN+
                  | rCorr} (521 gold, have 4).
 22832 | Orc:2    | 22832 ||| SHOPLISTING glowing chain mail (180 gold, have
                  | 4).
 22832 | Orc:2    | 22832 ||| SHOPLISTING glowing helmet (180 gold, have 4).
 22865 | Orc:2    | 22865 ||| PLANNING SNAKE:1-3
 22865 | Orc:2    | 22865 ||| UPGRADING to +1 plate armour of willpower.
 22875 | Orc:2    | 22875 ||| DROPPING +4 chain mail of fire resistance.
 22876 | Orc:2    | 22876 ||| UPGRADING to +2 plate armour of fire resistance.
 23062 | Snake:1  | Entered Level 1 of the Snake Pit
 23071 | Snake:1  | Found Wuhadghuarch's Weapon Emporium.
 23074 | Snake:1  | Found Yzxeuthrev's Weapon Shoppe.
 23076 | Snake:1  | Found Plog's Jewellery Emporium.
 23084 | Snake:1  | 23084 ||| SHOPLISTING ring of ice (350 gold, have 4).
 23103 | Snake:1  | 23103 ||| Stepping ~*~*~tactically~*~*~ (hiding).
 23134 | Snake:1  | Received a gift from Okawaru
 23483 | Snake:1  | Reached skill level 9 in Throwing
 23555 | Snake:1  | 23555 ||| READING scroll of acquirement.
 23555 | Snake:1  | 23555 ||| ACQUIRING +0 pair of gloves "Deng" {Int-4 Dex+4}
 23555 | Snake:1  | Acquired the +0 pair of gloves "Deng" {Int-4 Dex+4}
 23557 | Snake:1  | 23557 ||| UPGRADING to +0 pair of gloves "Deng" {Int-4
                  | Dex+4}.
 23567 | Snake:1  | 23567 ||| DROPPING +0 pair of gloves of the Lich-sworn
                  | {rPois}.
 23646 | Snake:1  | 23646 ||| Stepping ~*~*~tactically~*~*~ (stealth).
 23852 | Snake:1  | Identified the +2 broad axe "Fin Qaeraurr" {freeze, Contam
                  | Fly rPois}
 23854 | Snake:1  | 23854 ||| DROPPING +0 broad axe.
 23870 | Snake:1  | 23870 ||| INVOKING Heroism.
 23883 | Snake:1  | 23883 ||| INVOKING Heroism.
 24004 | Snake:2  | 24004 ||| INVOKING Heroism.
 24026 | Snake:2  | Received a gift from Okawaru
 24039 | Snake:2  | 24039 ||| Stepping ~*~*~tactically~*~*~ (stealth).
 24040 | Snake:2  | 24040 ||| Stepping ~*~*~tactically~*~*~ (stealth).
 24052 | Snake:2  | 24052 ||| Stepping ~*~*~tactically~*~*~ (stealth).
 24065 | Snake:2  | Reached skill level 15 in Armour
 24107 | Snake:2  | Reached skill level 17 in Fighting
 24420 | Snake:2  | 24420 ||| Stepping ~*~*~tactically~*~*~ (stealth).
 24422 | Snake:2  | 24422 ||| Stepping ~*~*~tactically~*~*~ (hiding).
 24424 | Snake:2  | 24424 ||| Stepping ~*~*~tactically~*~*~ (hiding).
 24702 | Snake:2  | 24702 ||| INVOKING Heroism.
 24705 | Snake:2  | Received a gift from Okawaru
 24706 | Snake:2  | HP: 20/128 [naga warrior/+0 war axe (31)]
 24707 | Snake:2  | 24707 ||| READING 12 scrolls of teleportation.
 24707 | Snake:2  | Mangled by a naga warrior

Levels and vault maps discovered:
D:1:      dpeg_arrival_signposts, layout_loops_cross, minmay_close_crescents
D:2:      layout_rooms
D:3:      layout_basic, mainiacjoe_overflow_six_doors_small,
          gup_sewer_entry_bubbles, uniq_jessica
D:4:      layout_cave_pools, enter_ossuary_2
D:5:      layout_loops_ring, minmay_temple_entry_sparse_star, serial_shops,
          shop, minmay_misc_feat_ornament
D:6:      layout_gridville, gammafunk_ghost_split, uniq_maggie,
          uniq_blork_the_orc
D:7:      layout_loops_ring, uniq_prince_ribbit1
D:8:      wander_kiku_kobolds, layout_rooms, erik_lair_island
D:9:      layout_roguey, hiddenorc1_lemuel, enter_bailey_5, minivault_16,
          minivault_24
D:10:     layout_stronghold, jmf_multi_god_temple, kennysheep_generic_room_11
D:11:     layout_long_grid, portal_ice_cave_rime, trog_three_pillars_becter
D:12:     layout_small_grid
D:13:     layout_stronghold, david_vaults_3, minmay_pinched_square,
          uniq_josephine
D:14:     layout_long_grid, serial_bayou_shore_a
D:15:     hangedman_depths_entry_civil_slaughter, layout_cave_pools,
          minmay_misc_feat_rows, serial_shops, bzr_entry_lakeside
Temple:   hellmonk_temple_divided_pantheon
Lair:1:   layout_cellular_growth, nicolae_lair_run_with_the_wolves,
          uniq_nergalle, uniq_amaemon
Lair:2:   layout_cave_pods, palyth_hydra_swamp_entry,
          guppyfry_snake_entry_garden, nicolae_volcano_entry_hallway,
          uniq_gastronok, uniq_urug
Lair:3:   layout_regular_city, grunt_megastairs_4, lemuel_fruit_tree,
          infiniplex_staircase_pool_2
Lair:4:   layout_regular_city
Lair:5:   hellmonk_lair_end_abyssal_woods, layout_gridlike, slime_entry_1,
          gammafunk_ghost_necromancy, cheibrodos_lair_lostbears,
          lemuel_fruit_fields
Snake:1:  cheibrodos_snake_ritualist_ritual, layout_rooms, minmay_snake_pond,
          nicolae_triple_integral, minmay_shop_star
Snake:2:  layout_basic
Orc:1:    layout_caves
Orc:2:    st_orc_congregation, layout_caves, led_sif_book, uniq_snorg

Skill      XL: |  1  2  3  4  5  6  7  8  9 10 11 12 13 14 15 16 17 |
---------------+----------------------------------------------------+-----
Axes           | 2 3 4 5 6 7 9 10 11 12 13 14 15 16 | 16.0
Dodging        | 1 2 3 4 5 |  5.0
Fighting       | 4 5 6 8 9 10 12 13 16 17 | 17.0
Throwing       | 1 3 4 5 7 8 9 |  9.0
Shields        | 4 5 6 7 9 10 | 10.1
Invocations    | 4 7 10 | 10.0
Armour         | 4 7 8 9 10 12 13 15 | 15.4

Action                     |  1- 3 |  4- 6 |  7- 9 | 10-12 | 13-15 | 16-18 || total
---------------------------+-------+-------+-------+-------+-------+-------++-------
  Melee: War axe           |    92 |   191 |   238 |   451 |   831 |   872 ||  2675
         Demon whip        |       |       |       |    14 |    48 |     8 ||    70
  Throw: Boomerang         |       |     1 |    40 |    58 |   156 |    16 ||   271
         Javelin           |       |       |       |    35 |   108 |   169 ||   312
 Invoke: Heroism           |       |       |     3 |    24 |    20 |    19 ||    66
         Finesse           |       |       |       |       |     4 |     2 ||     6
    Use: Scroll            |     2 |     8 |    13 |     4 |     7 |     4 ||    38
         Potion            |     1 |     2 |     2 |     1 |     2 |       ||     8
 Armour: Scale mail        |    43 |    98 |   107 |       |       |       ||   248
         Acid dragon scale |       |       |    21 |    65 |       |       ||    86
         Plate armour      |       |       |       |   156 |   470 |   351 ||   977
         Chain mail        |       |       |       |       |       |   198 ||   198
  Dodge: Dodged            |    52 |    90 |   108 |   196 |   245 |   300 ||   991
  Block: Buckler           |    14 |    41 |    39 |   115 |   177 |   371 ||   757
         Reflection        |       |       |       |       |       |    24 ||    24

Table legend:
 A = Non-vault XP
 B = Vault XP
 C = Vault XP percentage of total XP
 D = Non-vault monster count
 E = Vault monster count
 F = Vault count percentage of total count
                 A         B        C        D         E       F
            +---------+---------+-------+---------+---------+-------
      Total |  143509 |   66540 |  31.7 |     588 |     375 |  38.9
            +---------+---------+-------+---------+---------+-------
        D:1 |      34 |      11 |  24.4 |      23 |       7 |  23.3
        D:2 |      56 |       0 |   0.0 |      17 |       0 |   0.0
        D:3 |     103 |      62 |  37.6 |      22 |       7 |  24.1
        D:4 |     342 |       0 |   0.0 |      16 |       0 |   0.0
        D:5 |     548 |      91 |  14.2 |      15 |       1 |   6.2
        D:6 |    1250 |     365 |  22.6 |      12 |       1 |   7.7
        D:7 |    1554 |     259 |  14.3 |      14 |       1 |   6.7
        D:8 |    4099 |    2052 |  33.4 |      34 |      61 |  64.2
        D:9 |    3009 |     903 |  23.1 |      29 |      22 |  43.1
       D:10 |    1789 |     467 |  20.7 |      18 |       3 |  14.3
       D:11 |    3080 |     754 |  19.7 |      19 |       2 |   9.5
       D:12 |    4777 |       0 |   0.0 |      11 |       0 |   0.0
       D:13 |    6115 |   16640 |  73.1 |      17 |      40 |  70.2
       D:14 |   12005 |       0 |   0.0 |      29 |       0 |   0.0
       D:15 |   14103 |    4325 |  23.5 |      24 |       6 |  20.0
     Lair:1 |    6491 |    3898 |  37.5 |      29 |      16 |  35.6
     Lair:2 |    5651 |    4801 |  45.9 |      23 |      11 |  32.4
     Lair:3 |   14904 |     826 |   5.3 |      42 |       2 |   4.5
     Lair:4 |    9967 |       0 |   0.0 |      37 |       0 |   0.0
     Lair:5 |   15873 |   11775 |  42.6 |      36 |      44 |  55.0
    Snake:1 |   18455 |    6198 |  25.1 |      40 |      10 |  20.0
    Snake:2 |   12510 |       0 |   0.0 |      26 |       0 |   0.0
      Orc:1 |    5135 |       0 |   0.0 |      36 |       0 |   0.0
      Orc:2 |    1659 |   11434 |  87.3 |      19 |      63 |  76.8
      Sewer |       0 |     171 | 100.0 |       0 |      42 | 100.0
    Ossuary |       0 |    1508 | 100.0 |       0 |      36 | 100.0
            +---------+---------+-------+---------+---------+-------
